 Dungeon Crawl Stone Soup version 0.29-a0-1065-g47a6bb87d6 (webtiles) character file.

Game seed: 960939106756909910

1355 gelatine the Magician (level 8, -13/55 HPs)
             Began as a Demonspawn Fire Elementalist on Aug 18, 2022.
             Was an Initiate of Vehumet.
             Mangled by a two-headed ogre
             ... wielding a +0 giant spiked club
              (17 damage)
             ... on level 6 of the Dungeon.
             The game lasted 00:17:13 (7428 turns).

gelatine the Magician (DsFE)                        Turns: 7428, Time: 00:17:15

Health: -13/55     AC:  4    Str:  8    XL:     8   Next: 37%
Magic:  20/26      EV: 12    Int: 22    God:    Vehumet [......]
Gold:   76         SH:  0    Dex: 13    Spells: 13/20 levels left

rFire   + . .      SeeInvis .   y - +3 whip "Kesaimug" {vorpal, rPois Int+2}
rCold   x . .      Faith    .   (no shield)
rNeg    . . .      Spirit   .   a - +0 robe
rPois   +          Reflect  .   (helmet restricted)
rElec   .          Harm     .   (no cloak)
rCorr   .          Rampage  .   u - +0 pair of gloves
Will    .....                   k - +0 pair of boots
Stlth   ++........              (no amulet)
HPRegen 0.18/turn               l - ring of fire
MPRegen 0.40/turn               x - ring of magical power

@: no status effects
A: horns 1, demonic guardian 2, magic regeneration, weakness stinger 1
a: Renounce Religion


You were on level 6 of the Dungeon.
You worshipped Vehumet.
Vehumet was noncommittal.
You visited 2 branches of the dungeon, and saw 7 of its levels.
You also visited: Ossuary.

You collected 263 gold pieces.
You spent 187 gold pieces at shops.

Inventory:

Hand Weapons
 c - a +0 dagger
 f - a +0 short sword
 v - a +0 hand axe of venom
 y - the +3 whip "Kesaimug" (weapon) {vorpal, rPois Int+2}
   (You bought it in a shop on level 5 of the Dungeon)

   It inflicts extra damage upon your enemies.
   Int:       It affects your intelligence (+2).
   rPois:     It protects you from poison.
Armour
 a - a +0 robe (worn)
 k - a +0 pair of boots (worn)
 u - a +0 pair of gloves (worn)
Jewellery
 l - a ring of fire (left hand)
 s - a ring of fire
 x - a ring of magical power (right hand)
Wands
 A - a wand of acid (8)
Scrolls
 b - a scroll of summoning {unknown}
 d - 3 scrolls of immolation
 h - 2 scrolls of teleportation {unknown}
 j - 3 scrolls of enchant armour {unknown}
 n - a scroll of torment {unknown}
 p - 3 scrolls of amnesia {unknown}
 q - 4 scrolls of vulnerability {unknown}
 t - a scroll of fear {unknown}
 C - a scroll of identify
 E - a scroll of magic mapping {unknown}
Potions
 e - 2 potions of heal wounds {unknown}
 g - a potion of flight
 i - 2 potions of lignification
 m - 3 potions of berserk rage
 o - 2 potions of brilliance {unknown}
 r - a potion of haste
 w - a potion of ambrosia
 z - a potion of degeneration {unknown}
 B - a potion of curing {unknown}
 D - a potion of might {unknown}


   Skills:
 + Level 1.7 Fighting
 + Level 0.6 Short Blades
 + Level 2.4 Dodging
 + Level 2.5 Stealth
 + Level 6.6 Spellcasting
 + Level 3.3 Conjurations
 + Level 5.9 Fire Magic


You had 13 spell levels left.
You knew the following spells:

 Your Spells              Type           Power      Damage    Failure   Level
a - Foxfire               Conj/Fire      100%       2x1d9     1%          1
b - Scorch                Fire           100%       2d10      1%          2
c - Flame Wave            Conj/Fire      41%        2d11      13%         4

Your spell library contained the following spells:

 Spells                   Type           Power      Damage    Failure   Level
 Conjure Flame            Conj/Fire      41%        6-21      3%          3
 Inner Flame              Hex/Fire       30%        N/A       8%          3


Dungeon Overview and Level Annotations

Branches:
Dungeon (6/15)             Temple (1/1) D:5         Ossuary (visited)

Altars:
Ashenzari
Cheibriados
Fedhas
Gozag
Hepliaklqana
Kikubaaqudgha
Nemelex Xobeh
Okawaru
Qazlal
Ru
Sif Muna
Trog
Vehumet
Wu Jian
Xom
Yredelemnul

Shops:
D:2 (   D:4 *   D:5 ==(


Innate Abilities, Weirdness & Mutations

You have a pair of small horns on your head.
A demonic guardian rushes to your aid.
You regenerate magic rapidly.
You have a small tail.


Message History

The two-headed ogre's fire resistance burns away.
The foxfire hits the two-headed ogre.
The two-headed ogre is moderately wounded.
The foxfire hits the two-headed ogre but does no damage.
The two-headed ogre is moderately wounded.
Casting: Scorch (safe; 1% risk of failure)
Confirm with . or Enter, or press ? or * to list all spells.
You feel a surge of power!
Flames lash the two-headed ogre.
The two-headed ogre is burned terribly!
The two-headed ogre is heavily wounded.
You feel a surge of power!
You conjure some foxfire!
The two-headed ogre hits you with a +0 giant spiked club!
The two-headed ogre closely misses you.
You hit the two-headed ogre but do no damage.
Your headbutt misses the two-headed ogre.
The two-headed ogre is heavily wounded.
The foxfire hits the two-headed ogre!
The two-headed ogre is burned terribly!
The two-headed ogre is severely wounded.
The foxfire hits the two-headed ogre!
The two-headed ogre is burned terribly!
The two-headed ogre is severely wounded.
The two-headed ogre closely misses you.
The two-headed ogre hits you with a +0 giant spiked club!
You feel a surge of power!
You conjure some foxfire!
You closely miss the two-headed ogre. You headbutt the two-headed ogre.
You tail-slap the two-headed ogre, but do no damage.
The two-headed ogre is almost dead.
The foxfire hits the two-headed ogre!
The two-headed ogre is burned terribly!
The two-headed ogre is almost dead.
The two-headed ogre hits you with a +0 giant spiked club!
The two-headed ogre hits you with a +0 giant spiked club!!
* * * LOW HITPOINT WARNING * * *
A demonic guardian appears!
You are too injured to fight recklessly!
You barely miss the two-headed ogre.
Your headbutt misses the two-headed ogre.
You tail-slap the two-headed ogre, but do no damage.
The two-headed ogre is almost dead.
The two-headed ogre barely misses you.
The two-headed ogre hits you with a +0 giant spiked club!
You die...

#†.......
##....###.
##....##
#......#
##..###.#
#.###.##
#.# #.....#
.# #####v##
# ##@#
#.O...#
#...4.##
#.......#
#.........#
+.........+
#.........#
##.<..$..##


You could see a two-headed ogre (combustible, ally target) and a friendly orange
demon (summoned).

Vanquished Creatures
  A black bear (D:4)
  An ice beast (D:5)
  4 elf zombies
  A necrophage (D:5)
  3 scorpions (D:5)
  2 centaur zombies (Ossuary)
  A centaur skeleton (D:4)
  A jelly (D:5)
  2 orc priests (D:4)
  A bullfrog skeleton (D:4)
  A human zombie (Ossuary)
  7 iguanas
  An orc wizard (D:5)
  2 mummies (Ossuary)
  5 adders
  An adder zombie (Ossuary)
  A worm (D:2)
  The ghost of drugrobin the Sneak, a weakling DgDe (D:4)
  5 orcs
  4 bats
  7 endoplasms
  A giant cockroach (D:1)
  4 goblins
  6 hobgoblins
  5 jackals
  4 quokkas
  6 ball pythons
  2 frilled lizards
  2 goblin zombies (Ossuary)
  10 hobgoblin zombies (Ossuary)
  5 kobolds
  7 kobold zombies (Ossuary)
  4 orc skeletons (D:4)
  9 orc zombies (Ossuary)
  4 rats
  2 rat zombies (Ossuary)
123 creatures vanquished.

Vanquished Creatures (collateral kills)
  An iguana (D:4)
  A human skeleton (D:4)
2 creatures vanquished.

Vanquished Creatures (others)
  461 foxfires
461 creatures vanquished.

Grand Total: 586 creatures vanquished

Notes
Turn   | Place    | Note
-------+----------+-------------------------------------------
     0 | D:1      | gelatine the Demonspawn Fire Elementalist began the quest
                  | for the Orb.
     0 | D:1      | Reached XP level 1. HP: 13/13 MP: 3/3
   436 | D:1      | Discovered your monstrous ancestry.
   436 | D:1      | Gained mutation: You have a pair of small horns on your
                  | head. [demonic ancestry]
   436 | D:1      | Reached XP level 2. HP: 19/19 MP: 0/5
  1454 | D:2      | Learned a level 2 spell: Scorch
  1487 | D:2      | Found Vebucwon's Weapon Emporium.
  1616 | D:2      | Reached XP level 3. HP: 24/24 MP: 3/6
  2175 | D:2      | Found a hazy altar of Hepliaklqana.
  2847 | D:3      | Gained mutation: A weak demonic guardian rushes to your
                  | aid. [demonic ancestry]
  2847 | D:3      | Reached XP level 4. HP: 30/30 MP: 2/7
  2934 | D:3      | Found a faded altar of an unknown god.
  3918 | D:4      | Found a sand-covered staircase.
  3934 | D:4      | Reached skill level 3 in Spellcasting
  3934 | D:4      | Gained mutation: You regenerate magic rapidly. [demonic
                  | ancestry]
  3934 | D:4      | Reached XP level 5. HP: 5/36 MP: 7/9
  4101 | Ossuary  | Entered an ossuary
  4686 | Ossuary  | Reached skill level 1 in Fighting
  4708 | Ossuary  | Gained mutation: You have a small tail. [demonic ancestry]
  4708 | Ossuary  | Reached XP level 6. HP: 24/43 MP: 4/11
  4776 | Ossuary  | Reached skill level 4 in Spellcasting
  4937 | Ossuary  | Gained mutation: A demonic guardian rushes to your aid.
                  | [demonic ancestry]
  4937 | Ossuary  | Reached XP level 7. HP: 30/48 MP: 4/13
  5546 | D:4      | Found Daruesik's Assorted Antiques.
  5571 | D:4      | Reached skill level 5 in Spellcasting
  5630 | D:4      | Found a runed translucent gate.
  5630 | D:4      | Found a runed translucent gate.
  5630 | D:4      | Found a runed translucent gate.
  5630 | D:4      | Noticed drugrobin's ghost (weakling DgDe)
  5751 | D:4      | Learned a level 4 spell: Flame Wave
  5753 | D:4      | Killed drugrobin's ghost
  5758 | D:4      | Reached skill level 5 in Fire Magic
  5841 | D:5      | Entered Level 5 of the Dungeon
  5934 | D:5      | Found a staircase to the Ecumenical Temple.
  5953 | Temple   | Entered the Ecumenical Temple
  6201 | Temple   | Became a worshipper of Vehumet
  6378 | D:5      | Found Qoiv's Antique Weapon Shop.
  6398 | D:5      | Bought a polished whip for 187 gold pieces
  6398 | D:5      | Identified the +3 whip "Kesaimug" {vorpal, rPois Int+2}
                  | (You bought it in a shop on level 5 of the Dungeon)
  6433 | D:5      | Reached skill level 6 in Spellcasting
  6433 | D:5      | Reached XP level 8. HP: 37/54 MP: 17/17
  6771 | D:5      | Found Aloywaub's Jewellery Boutique.
  7226 | D:5      | Found a stormy altar of Qazlal.
  7290 | D:5      | Found Ahuavi's Jewellery Emporium.
  7417 | D:6      | Noticed a two-headed ogre
  7428 | D:6      | Mangled by a two-headed ogre

Illustrated notes

Levels and vault maps discovered:
D:1:      shiori_arrival_elements, layout_basic
D:2:      layout_loops_corners, basic_altar, serial_shops, shop
D:3:      layout_basic, hellmonk_ecumenical_altar_blasted,
          kennysheep_generic_room_8
D:4:      layout_cave_pools, gammafunk_ghost_necromancy,
          nicolae_ossuary_entry_catacombs, serial_shops,
          nicolae_shop_hallway_plus, minmay_misc_feat_rows,
          minmay_misc_feat_diagonals
D:5:      layout_layer_cave, lemuel_coloured_pillars_altar,
          minmay_temple_entry_butterflies, serial_shops, kennysheep_mini, shop,
          shop, patterned_corridor
D:6:      layout_loops_corners, serial_shops, kennysheep_mini_moat
Temple:   regret_index_temple_sphere_string

Skill      XL: |  1  2  3  4  5  6  7 |
---------------+----------------------+-----
Fire Magic     | 3 4 5 |  5.9
Dodging        | 2 |  2.4
Stealth        | 2 |  2.5
Conjurations   | 2 3 |  3.3
Spellcasting   | 3 4 6 |  6.6
Fighting       | 1 |  1.7
Short Blades   | |  0.6

Action                   |  1- 3 |  4- 6 |  7- 9 || total
-------------------------+-------+-------+-------++-------
Melee: Unarmed           |     6 |       |       ||     6
       Dagger            |    18 |    11 |     2 ||    31
       Punch             |     3 |       |       ||     3
       Headbutt          |     3 |     3 |     5 ||    11
       Whip              |       |       |    11 ||    11
       Hand axe          |       |       |     2 ||     2
       Tailslap          |       |       |     3 ||     3
 Cast: Foxfire           |    91 |   102 |    89 ||   282
       Scorch            |       |    21 |    32 ||    53
  Use: Potion            |       |     2 |       ||     2
       Scroll            |       |     3 |     2 ||     5
Armor: Robe              |     9 |    15 |     3 ||    27
Dodge: Dodged            |    23 |    27 |    21 ||    71

Table legend: (Time is in decaauts)
 A = Elapsed time spent in this place.
 B = Non-inter-level travel time spent in this place.
 C = Inter-level travel time spent in this place.
 D = Time resting spent in this place.
 E = Time spent auto-exploring this place.
 F = Levels seen in this place.
 G = Mean time per level.
                   A        B        C        D        E       F      G
               +--------+--------+--------+--------+--------+-----+--------+
         Total |   7423 |   7073 |    350 |    815 |   5187 |   8 |  927.9 |
       Dungeon |   6108 |   5885 |    223 |    391 |   4796 |   6 | 1018.0 |
        Temple |    273 |    146 |    127 |      0 |    132 |   1 |  273.0 |
       Ossuary |   1041 |   1041 |      0 |    424 |    259 |   1 | 1041.0 |
               +--------+--------+--------+--------+--------+-----+--------+

Top non-repeatable levels by time:
     D:1: 1403 daAuts
     D:2: 1300 daAuts
     D:5: 1277 daAuts
     D:3: 1085 daAuts
 Ossuary: 1041 daAuts
     D:4: 1006 daAuts
  Temple: 273 daAuts
     D:6: 35 daAuts
